 Dungeon Crawl Stone Soup version 0.25.0-11-g1f837a76a1 (webtiles) character file.

Game seed: 12914410282306754425

3184 Peloso the Cleaver (level 9, -1/77 HPs)
             Began as a Minotaur Fighter on June 26, 2020.
             Was a Follower of Okawaru.
             Slain by a wyvern (12 damage)
             ... on level 8 of the Dungeon.
             The game lasted 00:12:44 (7883 turns).

Peloso the Cleaver (Minotaur Fighter)               Turns: 7883, Time: 00:12:44

Health: -1/77      AC: 16    Str: 23    XL:     9   Next: 64%
Magic:  8/8        EV:  7    Int:  5    God:    Okawaru [*.....]
Gold:   304        SH: 11    Dex: 11    Spells: 8/8 levels left

rFire    . . .     SeeInvis .   d - +0 broad axe of Karma {venom, MR++} (curse)
rCold    . . .     Gourm    .   c - +0 kite shield
rNeg     + . .     Faith    .   D - +0 plate armour
rPois    .         Spirit   .   (helmet restricted)
rElec    .         Reflect  .   g - +0 cloak
rCorr    .         Harm     .   r - +0 pair of gloves
MR       ++...                  (no boots)
Stlth    ..........             (no amulet)
HPRegen  0.22/turn              s - ring of positive energy
MPRegen  0.11/turn              (no ring)

@: lightly drained
A: retaliatory headbutt, horns 2
a: Heroism, Renounce Religion


You were on level 8 of the Dungeon.
You worshipped Okawaru.
Okawaru was aware of your devotion.
You were hungry.

You visited 2 branches of the dungeon, and saw 9 of its levels.

You collected 304 gold pieces.

Inventory:

Hand Weapons
 a - a +1 long sword
 d - the cursed +0 broad axe of Karma (weapon) {venom, MR++}
   (You found it on level 4 of the Dungeon)

   It poisons the flesh of those it strikes.
   It affects your resistance to hostile enchantments.
   It has a curse placed upon it.
Missiles
 v - 17 bolts
Armour
 b - a +0 scale mail
 c - a +0 kite shield (worn)
 g - a +0 cloak (worn)
 r - a +0 pair of gloves (worn)
 B - a +0 chain mail
 D - a +0 plate armour (worn)
Jewellery
 s - a ring of positive energy (left hand)
Wands
 h - a wand of flame (14)
 l - a wand of random effects (20)
 o - a wand of iceblast (7)
 p - a wand of clouds (5)
 z - a wand of polymorph (7)
 C - a wand of digging (8)
Scrolls
 i - 3 scrolls of enchant weapon
 k - 3 scrolls of identify
 m - 3 scrolls of teleportation
 n - a scroll of remove curse
 q - a scroll of fear {unknown}
 t - a scroll of random uselessness {unknown}
 u - a scroll of amnesia {unknown}
 w - 3 scrolls of magic mapping
 y - a scroll of enchant armour {unknown}
Potions
 e - 2 potions of brilliance
 j - a potion of magic
 x - a potion of cancellation
 A - a potion of ambrosia {unknown}
 E - a potion of heal wounds
Comestibles
 f - 8 rations


   Skills:
 + Level 6.3(5.9) Fighting
 + Level 6.4(5.9) Long Blades
 + Level 8.4(8.0) Axes
 + Level 8.1(7.7) Armour
 + Level 3.7(3.3) Dodging
 + Level 0.9(0.5) Stealth
 + Level 8.3(7.8) Shields


You had 8 spell levels left.
You didn't know any spells.
Your spell library contained the following spells:

 Spells                   Type           Power        Failure   Level  Hunger
 Animate Skeleton         Necr           N/A          100%        1    ##.....
 Apportation              Tloc           #.....       100%        1    ##.....
 Corona                   Hex            #......      100%        1    ##.....
 Magic Dart               Conj           #...         100%        1    ##.....
 Summon Small Mammal      Summ           #...         100%        1    ##.....
 Blink                    Tloc           N/A          100%        2    ###....
 Call Imp                 Summ           #.......     100%        2    ###....
 Slow                     Hex            #.......     100%        2    ###....
 Conjure Flame            Conj/Fire      #.......     100%        3    ####...
 Mephitic Cloud           Conj/Pois/Air  #.......     100%        3    ####...


Dungeon Overview and Level Annotations

Branches:
Dungeon (8/15)             Temple (1/1) D:6
   Lair: D:8-11

Altars:
Ashenzari
Cheibriados
Dithmenos
Fedhas
Gozag
Hepliaklqana
Makhleb
Okawaru
Ru
Trog
Uskayaw
Vehumet
Yredelemnul
Zin
The Shining One


Innate Abilities, Weirdness & Mutations

You reflexively headbutt those who attack you in melee.
You have a pair of horns on your head.


Message History

Your shield and plate armour prevent you from hitting the gnoll.
Your plate armour prevents you from hitting the wyvern.
You hit the wyvern zombie. You block the wyvern's attack.
The wyvern zombie bites you but does no damage.
The wyvern bites you but does no damage.
The gnoll closely misses you. You block the gnoll sergeant's attack.
The wyvern zombie bites you!
You closely miss the gnoll sergeant.
The gnoll sergeant is heavily wounded.
Your plate armour prevents you from hitting the gnoll.
You hit the wyvern but do no damage.
The wyvern is poisoned.
You slash the wyvern zombie! The wyvern bites you!
* * * LOW HITPOINT WARNING * * *
The wyvern zombie bites you.
* * * LOW HITPOINT WARNING * * *
The gnoll hits you but does no damage.
The gnoll sergeant hits you with a +0 trident.
* * * LOW HITPOINT WARNING * * *
The wyvern bites you!
You die...

.....#####..#
#...#..
.....##......
.###.##...
....###...#
......#..#
.........#
#........#
...###..##
#......... .##
##..# ##......... .
#.## ###..........
#..###.#..Z.......
#...##....@g......
#.......#)lg......
#.......##.........
###....#####.......
#...## .......
##... ...>...
#....# .......
#..... .......
#.....


You could see a wyvern (very poisoned), a gnoll sergeant (very poisoned), a
gnoll (very poisoned) and a wyvern zombie.

Vanquished Creatures
  Pikel (D:6)
  A hippogriff (D:7)
  Grinder (D:4)
  A hungry ghost (D:8)
  A water moccasin (D:5)
  2 orc warriors (D:7)
  3 ogres
  2 centaurs
  A big kobold (D:7)
  A bullfrog (D:8)
  2 scorpions (D:5)
  7 wights
  2 howler monkeys
  A bullfrog zombie (D:5)
  A centaur zombie (D:7)
  4 crimson imps
  An orc priest (D:7)
  2 hounds
  A jelly (D:7)
  3 orc wizards
  A bullfrog skeleton (D:6)
  A centaur skeleton (D:4)
  An iguana (D:6)
  Natasha (D:3)
  5 worker ants
  Robin (D:3)
  3 gnolls (D:8)
  9 adders
  3 shadow imps
  An ooze (D:6)
  An adder skeleton (D:7)
  3 worms
  3 dart slugs
  5 leopard geckos
  21 orcs
  11 bats
  5 giant cockroaches
  2 gnoll zombies (D:6)
  15 goblins
  11 hobgoblins
  10 jackals
  5 quokkas
  2 ball pythons (D:3)
  5 frilled lizards
  11 kobolds
  11 rats
185 creatures vanquished.

Vanquished Creatures (others)
  An orc (D:6)
1 creature vanquished.

Grand Total: 186 creatures vanquished

Notes
Turn   | Place    | Note
-------+----------+-------------------------------------------
     0 | D:1      | Peloso the Minotaur Fighter began the quest for the Orb.
     0 | D:1      | Reached XP level 1. HP: 19/19 MP: 0/0
     1 | D:1      | Noticed an electric eel
    69 | D:1      | Reached XP level 2. HP: 23/27 MP: 1/1
   516 | D:1      | Reached XP level 3. HP: 32/33 MP: 2/2
  1248 | D:2      | Reached skill level 1 in Dodging
  1248 | D:2      | Reached XP level 4. HP: 34/40 MP: 3/3
  2391 | D:3      | Found a shattered altar of Ashenzari.
  2622 | D:3      | Found a sacrificial altar of Ru.
  2627 | D:3      | Reached XP level 5. HP: 46/46 MP: 4/4
  2929 | D:3      | Noticed Robin
  2944 | D:3      | Killed Robin
  3526 | D:3      | Noticed Natasha
  3536 | D:3      | Killed Natasha
  3536 | D:3      | Reached skill level 5 in Long Blades
  3536 | D:3      | Reached XP level 6. HP: 21/53 MP: 5/5
  3814 | D:4      | Noticed Grinder
  3821 | D:4      | Killed Grinder
  3821 | D:4      | Reached skill level 5 in Armour
  3821 | D:4      | Reached skill level 5 in Shields
  3825 | D:4      | Reached XP level 7. HP: 22/60 MP: 6/6
  4057 | D:4      | Got a steaming broad axe
  4058 | D:4      | Identified the cursed +0 broad axe of Karma {venom, MR++}
                  | (You found it on level 4 of the Dungeon)
  4571 | D:4      | Found a glowing golden altar of the Shining One.
  4607 | D:5      | Entered Level 5 of the Dungeon
  4609 | D:5      | Found a radiant altar of Vehumet.
  4617 | D:5      | Reached skill level 1 in Axes
  4667 | D:5      | Found a snail-covered altar of Cheibriados.
  5054 | D:5      | Reached XP level 8. HP: 67/67 MP: 7/7
  5102 | D:5      | Reached skill level 5 in Fighting
  5420 | D:5      | Found an opulent altar of Gozag.
  5508 | D:6      | Found a blossoming altar of Fedhas.
  5606 | D:6      | Noticed Pikel
  5620 | D:6      | Killed Pikel
  5620 | D:6      | Reached skill level 5 in Axes
  5951 | D:6      | Found a basalt altar of Yredelemnul.
  6069 | D:6      | Reached XP level 9. HP: 49/74 MP: 8/8
  6189 | D:6      | Found a shadowy altar of Dithmenos.
  6266 | D:6      | Found a staircase to the Ecumenical Temple.
  6284 | Temple   | Entered the Ecumenical Temple
  6390 | Temple   | Became a worshipper of Warmaster Okawaru
  6777 | D:7      | Reached * piety under Okawaru
  7883 | D:8      | Slain by a wyvern

Illustrated notes

Levels and vault maps discovered:
D:1:      arrival_aquarium_a, layout_basic
D:2:      layout_basic
D:3:      layout_basic, evilmike_ruin_ashenzari, first_ration,
          nicolae_ru_great_annihilating_truth, uniq_natasha, uniq_robin
D:4:      layout_cave_pools, tso_oasis_becter, minmay_misc_feat_iff,
          kennysheep_minor_cross, uniq_grinder
D:5:      layout_cave_pools, slow_altar_1, vehumet_altar_wand_db,
          nicolae_overflow_hidden_temple, kennysheep_potato
D:6:      layout_basic, kennysheep_little_box, lemuel_zombie_altar_yredelemnul,
          temple_hall, grunt_dithmenos_smoke, uniq_pikel
D:7:      layout_basic
D:8:      layout_cave_pools, old_standard_altar, grunt_temple_overflow_diamond
Temple:   compressed_dpeg_circular_temple

Skill      XL: |  1  2  3  4  5  6  7  8  9 |
---------------+----------------------------+-----
Shields        | 4 5 6 7 8 |  8.3
Armour         | 4 5 6 7 8 |  8.1
Fighting       | 4 5 6 |  6.3
Long Blades    | 3 5 6 |  6.4
Dodging        | 1 2 3 |  3.7
Axes           | 3 6 8 |  8.4
Stealth        | |  0.9

Action                   |  1- 3 |  4- 6 |  7- 9 || total
-------------------------+-------+-------+-------++-------
Melee: Long sword        |    90 |   152 |     4 ||   246
       Headbutt          |     2 |    24 |    54 ||    80
       Broad axe         |       |       |   241 ||   241
  Use: Potion            |       |     7 |       ||     7
       Scroll            |       |     3 |     7 ||    10
 Stab: Paralysed         |       |     1 |       ||     1
  Eat: Chunk             |     1 |     8 |    12 ||    21
       Ration            |       |       |     1 ||     1
Armor: Scale mail        |    88 |    54 |    71 ||   213
       Plate armour      |       |       |    45 ||    45
       Chain mail        |       |       |    16 ||    16
Dodge: Dodged            |    50 |    64 |   101 ||   215
Block: Kite shield       |    69 |    66 |   154 ||   289
       Rpst.: Long sword |    13 |    13 |       ||    26
